 Dungeon Crawl Stone Soup version 0.30-a0-702-gdf48620a09 (webtiles) character file.

Game seed: 9543644826504489671

517 experimilk the Conjurer (level 7, -5/50 HPs)
             Began as a Red Draconian Conjurer on Jan 21, 2023.
             Slain by an ogre
             ... wielding a +0 giant club
              (33 damage)
             ... on level 5 of the Dungeon.
             The game lasted 00:07:33 (5005 turns).

experimilk the Conjurer (Red Draconian Conjurer)    Turns: 5005, Time: 00:07:33

Health: -5/50      AC:  6    Str:  9    XL:     7   Next: 0%
Magic:  8/12       EV: 12    Int: 20    God:
Gold:   187        SH:  0    Dex: 10    Spells: 6/13 levels left

rFire   + . .      SeeInvis .    r - staff of conjuration
rCold   + . .      Faith    .    (no shield)
rNeg    . . .      Spirit   .    (body armour unavailable)
rPois   .          Reflect  .    (helmet restricted)
rElec   .          Harm     .    (no cloak)
rCorr   .          Rampage  .    (no gloves)
Will    .....                    (no boots)
Stlth   ++                       (no amulet)
HPRegen 0.28/turn                k - ring of protection from cold
MPRegen 0.13/turn                (no ring)

@: no status effects
A: breathe fire, AC +6, unfitting armour, fire resistance 1, cold-blooded
a: Breathe Fire


You were on level 5 of the Dungeon.
You visited 1 branch of the dungeon, and saw 5 of its levels.

You collected 257 gold pieces.
You spent 70 gold pieces at shops.

Inventory:

Hand Weapons
 e - a +2 hand axe of electrocution
Magical Staves
 i - a staff of poison
 r - a staff of conjuration (weapon)
Jewellery
 k - a ring of protection from cold (left hand)
 m - an amulet of guardian spirit
Scrolls
 a - a scroll of vulnerability {unknown}
 b - a scroll of enchant weapon
 c - 2 scrolls of immolation {unknown}
 d - 4 scrolls of teleportation
 f - a scroll of fear
 g - a scroll of blinking
 j - 2 scrolls of noise {unknown}
 o - a scroll of poison {unknown}
 q - a scroll of amnesia {unknown}
Potions
 h - 4 potions of flight {unknown}
 l - a potion of mutation {unknown}
 n - a potion of degeneration {unknown}
 p - a potion of brilliance
 s - a potion of heal wounds {unknown}


   Skills:
 - Level 1.7 Dodging
 - Level 1.7 Stealth
 + Level 3.6 Spellcasting
 * Level 6.4 Conjurations
 * Level 4.0 Translocations


You had 6 spell levels left.
You knew the following spells:

 Your Spells              Type           Power      Damage    Failure   Level
a - Magic Dart            Conj           100%       1d8       1%          1
t - Blink                 Tloc           38%        N/A       3%          2
v - Momentum Strike       Conj/Tloc      72%        3d10      2%          2
z - Searing Ray           Conj           86%        2d7       1%          2

Your spell library contained the following spells:

 Spells                   Type           Power      Damage    Failure   Level
 Lesser Beckoning         Tloc           38%        N/A       3%          2
 Dazzling Flash           Conj/Hex       48%        N/A       11%         3
 Iskenderun's Mystic Bla  Conj/Tloc      36%        2d9       16%         4
 Ensorcelled Hibernation  Hex/Ice        6%         N/A       21%         2
 Passwall                 Tmut/Erth      2%         N/A       21%         2
 Fulminant Prism          Conj/Hex       12%        3d8       34%         4
 Swiftness                Air            3%         N/A       38%         3


Dungeon Overview and Level Annotations

Branches:
Dungeon (5/15)
 Temple: D:4-7

Altars:
Gozag
Qazlal

Shops:
D:1 =   D:3 !   D:5 (

Annotations:
D:5 1 runed translucent door


Innate Abilities, Weirdness & Mutations

You can breathe blasts of fire.
Your fiery red scales are hard. (AC +6)
You cannot fit into any form of body armour.
Your flesh is heat resistant. (rF+)
You are cold-blooded and may be slowed by cold attacks.


Message History

Confirm with . or Enter, or press ? or * to list all spells.
Restarting spell: Searing Ray (safe; 1% risk of failure)
Press: ? - help, Shift-Dir - straight line, f/p - scorpion
Aim: a scorpion (severely wounded, 82% to hit)
You feel a surge of power!
The searing ray hits the scorpion.
The scorpion is severely wounded. (Press . to maintain the ray.)
The searing ray hits the scorpion!
You kill the scorpion!
Your Translocations skill increases to level 4!
You have reached level 7!
Your scales start taking on a fiery red colour.
You learn Fire Magic much quicker.
You learn Ice Magic much slower.
You can breathe blasts of fire.
You feel resistant to heat.
You see here 8 stones.
c - 2 scrolls labelled ZUNNABLINEN (gained 1)
A scorpion comes into view.
The scorpion moves out of view.
An ogre comes into view. It is wielding a +0 giant club.
Found 5 stones, a human corpse and a hand axe.
Found Nidwouty's Weapon Shop.
The ogre shouts!
The ogre moves out of view.
Casting: Searing Ray (safe; 1% risk of failure)
Confirm with . or Enter, or press ? or * to list all spells.
Aiming: Searing Ray (safe; 1% risk of failure)
Press: ? - help, Shift-Dir - straight line, f - ogre
Aim: an ogre, wielding a +0 giant club (91% to hit)
You feel a surge of power!
The searing ray hits the ogre!
The ogre is moderately wounded. (Press . to maintain the ray.)
The ogre hits you with a +0 giant club!!
The searing ray hits the ogre!
The ogre is severely wounded.
The searing ray hits the ogre.
The ogre is severely wounded.
The ogre hits you with a +0 giant club!!
Ouch! That really hurt!
You die...

### #.# #.. #.# #.# #.#
#.# #.# #.# #.8
#.#######.##.#### ...
#.#......@....... #..
#.#####.#.#####O..#####
#8.. #.........# ...s.#
#.. #######.###
...(...# #+ #.#
#...∩....# #. #.#
#.....†...# ## #.#
##..)..#.## ########
#.# ##...#### #.......
#.# #.######


You could see an ogre and a scorpion.

Vanquished Creatures
  An ogre (D:4)
  3 scorpions
  A hound (D:5)
  A jelly (D:4)
  An orc wizard (D:4)
  Robin (D:4)
  8 adders
  2 worms (D:4)
  3 dart slugs
  5 orcs
  7 ball pythons
  4 endoplasms
  A giant cockroach (D:1)
  13 goblins
  5 hobgoblins
  11 jackals
  4 quokkas
  3 bats
  A frilled lizard (D:3)
  5 kobolds
  3 rats
83 creatures vanquished.

Notes
Turn   | Place    | Note
-------+----------+-------------------------------------------
     0 | D:1      | experimilk the Draconian Conjurer began the quest for the
                  | Orb.
     0 | D:1      | Reached XP level 1. HP: 14/14 MP: 3/3
   263 | D:1      | Reached XP level 2. HP: 20/20 MP: 3/5
   266 | D:1      | Learned a level 2 spell: Searing Ray
   464 | D:1      | Found Hamozob's Jewellery Shoppe.
  1452 | D:2      | Reached XP level 3. HP: 26/26 MP: 3/6
  1492 | D:2      | Learned a level 2 spell: Momentum Strike
  2344 | D:3      | Reached skill level 1 in Translocations
  2477 | D:3      | Reached skill level 5 in Conjurations
  2477 | D:3      | Reached XP level 4. HP: 33/33 MP: 1/8
  2955 | D:3      | Found Widoisk's Distillery.
  2965 | D:3      | Bought a potion of curing for 30 gold pieces
  2965 | D:3      | Bought a potion of brilliance for 40 gold pieces
  3205 | D:4      | Learned a level 2 spell: Blink
  3301 | D:4      | Reached XP level 5. HP: 38/38 MP: 6/9
  3377 | D:4      | Found a stormy altar of Qazlal.
  3686 | D:4      | Found an opulent altar of Gozag.
  3838 | D:4      | Noticed Robin
  3864 | D:4      | Noticed an ogre
  3867 | D:4      | Killed Robin
  3873 | D:4      | Killed an ogre
  3874 | D:4      | Reached XP level 6. HP: 41/45 MP: 7/10
  3988 | D:4      | Reached skill level 6 in Conjurations
  4504 | D:5      | Entered Level 5 of the Dungeon
  4780 | D:5      | Found a runed translucent door.
  4889 | D:5      | Your scales start taking on a fiery red colour.
  4889 | D:5      | Reached XP level 7. HP: 50/50 MP: 3/12
  4889 | D:5      | Gained mutation: Your flesh is heat resistant. (rF+) [Red
                  | Draconian growth]
  5001 | D:5      | Found Nidwouty's Weapon Shop.
  5005 | D:5      | Slain by an ogre

Illustrated notes

Levels and vault maps discovered:
D:1:      matt_arrival_los_fun, layout_basic, serial_shops,
          nicolae_shop_advertising_works [nicolae_subvault_shop_adworks]
D:2:      layout_basic, serial_bayou_crossing
D:3:      layout_loops_cross, serial_shops, shop, grunt_decor_arrowhead
D:4:      layout_loops_ring, nicolae_qazlal_scattered_showers,
          grunt_gozag_breadcrumbs, uniq_robin
D:5:      layout_loops_ring, serial_shops, nicolae_shop_bloodbath_and_beyond,
          nicolae_shop_waterfront, lightli_church_of_beogh

Skill      XL: |  1  2  3  4  5  6 |
---------------+-------------------+-----
Translocations | 1 2 3 4 |  4.0
Conjurations   | 5 6 |  6.4
Spellcasting   | 3 |  3.6
Dodging        | |  1.7
Stealth        | |  1.7

Action                   |  1- 3 |  4- 6 |  7- 9 || total
-------------------------+-------+-------+-------++-------
Melee: Unarmed           |    33 |       |       ||    33
       Tailslap          |     3 |     1 |       ||     4
       Hand axe          |     7 |    11 |       ||    18
 Cast: Magic Dart        |    47 |    54 |       ||   101
       Searing Ray       |    15 |    24 |     1 ||    40
  Use: Scroll            |     2 |     2 |       ||     4
       Potion            |       |     2 |       ||     2
Armor: Skin              |    19 |     3 |       ||    22
Dodge: Dodged            |    39 |    12 |       ||    51

Table legend: (Time is in decaauts)
 A = Elapsed time spent in this place.
 B = Non-inter-level travel time spent in this place.
 C = Inter-level travel time spent in this place.
 D = Time resting spent in this place.
 E = Time spent auto-exploring this place.
 F = Levels seen in this place.
 G = Mean time per level.
                   A        B        C        D        E       F      G
               +--------+--------+--------+--------+--------+-----+--------+
         Total |   5017 |   4911 |    106 |    489 |   3884 |   5 | 1003.4 |
       Dungeon |   5017 |   4911 |    106 |    489 |   3884 |   5 | 1003.4 |
               +--------+--------+--------+--------+--------+-----+--------+

Top non-repeatable levels by time:
     D:4: 1360 daAuts
     D:1: 1267 daAuts
     D:3: 1118 daAuts
     D:2: 770 daAuts
     D:5: 500 daAuts
